 Dungeon Crawl Stone Soup version 0.29-a0-284-gf9362112df (webtiles) character file.

Game seed: 9968776742552917075

80 bjtr the Firebug (level 4, -1/23 (30) HPs)
             Began as a Demonspawn Fire Elementalist on Mar 19, 2022.
             Slain by a necrophage (6 damage)
             ... on level 3 of the Dungeon.
             The game lasted 00:09:46 (2657 turns).

bjtr the Firebug (Demonspawn Fire Elementalist)     Turns: 2657, Time: 00:09:48

HP:   -1/23 (30)    AC:  6    Str:  9    XL:     4   Next: 18%
MP:   6/7           EV: 11    Int: 18    God:
Gold: 119           SH:  4    Dex: 13    Spells: 4/7 levels left

rFire   + . .      SeeInvis .   j - +0 falchion
rCold   . . .      Faith    .   f - +0 buckler
rNeg    . . .      Spirit   .   i - +0 leather armour
rPois   .          Reflect  .   (no helmet)
rElec   .          Harm     .   (no cloak)
rCorr   .          Rampage  .   o - +0 pair of gloves
Will    .....                   p - +1 pair of boots
Stlth   ++........              (no amulet)
HPRegen 0.07/turn               e - ring of protection from fire
MPRegen 0.10/turn               (no ring)

@: heavily drained
A: demonic magic 2
a: no special abilities


You were on level 3 of the Dungeon.
You visited 1 branch of the dungeon, and saw 3 of its levels.

You collected 119 gold pieces.

Inventory:

Hand Weapons
 c - a +0 dagger
 j - a +0 falchion (weapon)
 k - a +0 mace
Missiles
 h - 8 poisoned darts
 l - 46 stones
Armour
 a - a +0 robe
 f - a +0 buckler (worn)
 i - a +0 leather armour (worn)
 o - a +0 pair of gloves (worn)
 p - a +1 pair of boots (worn)
Jewellery
 e - a ring of protection from fire (left hand)
Scrolls
 m - a scroll of magic mapping {unknown}
 n - a scroll of fear {unknown}
 r - a scroll of brand weapon {unknown}
Potions
 d - a potion of curing
 g - 2 potions of brilliance {unknown}
 q - 2 potions of heal wounds {unknown}


   Skills:
 - Level 1.7 Dodging
 - Level 1.7 Stealth
 * Level 1.2 Shields
 + Level 2.3 Spellcasting
 + Level 1.3 Conjurations
 * Level 4.0 Fire Magic


You had 4 spell levels left.
You knew the following spells:

 Your Spells              Type           Power      Damage    Failure   Level
a - Foxfire               Conj/Fire      44%        2x1d6     11%         1
b - Scorch                Fire           32%        2d7       10%         2

Your spell library contained the following spells:

 Spells                   Type           Power      Damage    Failure   Level
 Conjure Flame            Conj/Fire      11%        6-21      32%         3
 Inner Flame              Hex/Fire       9%         N/A       41%         3
 Flame Wave               Conj/Fire      11%        2d5       73%         4


Dungeon Overview and Level Annotations

Branches:
Dungeon (3/15)

Altars:


Innate Abilities, Weirdness & Mutations

Spells you cast may paralyse nearby enemies.


Message History

Casting: Scorch (safe; 10% risk of failure)
Confirm with . or Enter, or press ? or * to list all spells.
You don't have enough magic to cast this spell.
The necrophage attacks as you move away!
The necrophage hits you.
You feel drained.
The necrophage is no longer more vulnerable to fire.
The necrophage attacks as you move away!
The necrophage barely misses you.
The necrophage attacks as you move away!
The necrophage barely misses you.
Your magical contamination has completely faded away.
The necrophage attacks as you move away!
The necrophage hits you.
You feel drained.
* * * LOW HITPOINT WARNING * * *
The necrophage attacks as you move away!
The necrophage barely misses you.
Casting: Scorch (safe; 10% risk of failure)
Confirm with . or Enter, or press ? or * to list all spells.
Flames lash the gnoll.
The gnoll is heavily wounded.
The gnoll's fire resistance burns away.
Malevolent energies surge around you.
The gnoll suddenly stops moving!
The necrophage barely misses you.
The necrophage attacks as you move away!
The necrophage hits you.
* * * LOW HITPOINT WARNING * * *
You feel drained.
The necrophage attacks as you move away!
You block the necrophage's attack.
The gnoll is no longer paralysed.
The gnoll is no longer more vulnerable to fire.
The necrophage attacks as you move away!
The necrophage barely misses you.
Okay, then.
Magic courses through your body. The necrophage closely misses you.
Casting: Scorch (safe; 10% risk of failure)
Confirm with . or Enter, or press ? or * to list all spells.
Flames lash the necrophage.
The necrophage is severely damaged.
The necrophage's fire resistance burns away.
Malevolent energies surge around you. The necrophage hits you.
You die...

.....#### #...#.###.#.#..#.###
.##### ##..#.# #.#......### .#
######..#.# #.###.#....# .#######
#.......#.###.###....#.#
.......###.####..#......##...##.#
.......'...####<..####..##.#....#
....)..####.g...........##.#.##..
.......# #.####n.#####.##.#.##.#
.......# #.# #@.#...#.##.#.##.#
.......# #.# #..#......# #. #.#
###########.####..###.#### ..#
....[.............# #.# ###
###########.####..# #.####
#.####..# #....######## ####
#.#.....######.##...... ...#
#.#....>....#..##.##### ...#
#.#....####.#..........


You could see a necrophage (combustible).

Vanquished Creatures
  4 adders
  2 worms (D:2)
  A dart slug (D:2)
  3 bats
  4 endoplasms
  2 giant cockroaches
  5 goblins
  2 hobgoblins
  2 quokkas
  5 ball pythons
  2 frilled lizards
  3 kobolds
  2 rats
  A spectral kobold (D:2)
38 creatures vanquished.

Vanquished Creatures (others)
  97 foxfires
97 creatures vanquished.

Grand Total: 135 creatures vanquished

Notes
Turn   | Place    | Note
-------+----------+-------------------------------------------
     0 | D:1      | bjtr the Demonspawn Fire Elementalist began the quest for
                  | the Orb.
     0 | D:1      | Reached XP level 1. HP: 13/13 MP: 3/3
   210 | D:1      | Reached skill level 3 in Fire Magic
   368 | D:1      | Gained mutation: Spells you cast may paralyse adjacent
                  | enemies. [demonic ancestry]
   368 | D:1      | Reached XP level 2. HP: 12/19 MP: 1/5
  1135 | D:2      | Reached XP level 3. HP: 24/24 MP: 2/6
  1138 | D:2      | Learned a level 2 spell: Scorch
  1399 | D:2      | Found a faded altar of an unknown god.
  1591 | D:2      | Reached skill level 1 in Shields
  2148 | D:3      | Reached skill level 4 in Fire Magic
  2148 | D:3      | Gained mutation: Spells you cast may paralyse nearby
                  | enemies. [demonic ancestry]
  2148 | D:3      | Reached XP level 4. HP: 30/30 MP: 2/7
  2493 | D:3      | Noticed a necrophage
  2657 | D:3      | Slain by a necrophage

Illustrated notes

Levels and vault maps discovered:
D:1:      scummos_arrival_simple_fountains, layout_loops_cross,
          minmay_misc_feat_more_columns, nicolae_concentric_dashed_squares_wild
D:2:      layout_loops_ring, dreamdust_ecumenical_altar_drowned_temple
D:3:      layout_basic, lemuel_coloured_pillars_altar

Skill      XL: |  1  2  3 |
---------------+----------+-----
Fire Magic     | 3 4 |  4.0
Shields        | 1 |  1.2
Dodging        | |  1.7
Stealth        | |  1.7
Spellcasting   | |  2.3
Conjurations   | |  1.3

Action                   |  1- 3 |  4- 6 || total
-------------------------+-------+-------++-------
Melee: Dagger            |     1 |       ||     1
       Unarmed           |     1 |       ||     1
       Falchion          |     2 |    16 ||    18
 Cast: Foxfire           |    58 |       ||    58
       Scorch            |     4 |     6 ||    10
  Use: Scroll            |     1 |       ||     1
       Potion            |       |     1 ||     1
Armor: Robe              |     2 |       ||     2
       Leather armour    |       |    11 ||    11
Dodge: Dodged            |     8 |    20 ||    28
Block: Buckler           |     1 |     6 ||     7

Table legend: (Time is in decaauts)
 A = Elapsed time spent in this place.
 B = Non-inter-level travel time spent in this place.
 C = Inter-level travel time spent in this place.
 D = Time resting spent in this place.
 E = Time spent auto-exploring this place.
 F = Levels seen in this place.
 G = Mean time per level.
                   A        B        C        D        E       F      G
               +--------+--------+--------+--------+--------+-----+--------+
         Total |   2668 |   2635 |     33 |    287 |   1910 |   3 |  889.3 |
       Dungeon |   2668 |   2635 |     33 |    287 |   1910 |   3 |  889.3 |
               +--------+--------+--------+--------+--------+-----+--------+

Top non-repeatable levels by time:
     D:2: 1112 daAuts
     D:1: 826 daAuts
     D:3: 729 daAuts
